[Event "GambitGuide"]
[Site "Internet Chess Club"]
[Date "2014.10.30"]
[Round "1"]
[White "JSBach"]
[Black "Aspendos"]
[Result "0-1"]
[ICCResult "White checkmated"]
[WhiteElo "1666"]
[BlackElo "2041"]
[Opening "Vienna: `Frankenstein-Dracula' variation"]
[ECO "C27"]
[NIC "VG.02"]
[Time "15:34:18"]
[TimeControl "120+12"]

1. e4 e5 2. Nc3 Nf6 3. Bc4 Nxe4 4. Qh5 Nd6 5. Bb3 Nc6 6. Nb5 g6 7. Qf3 f5 8.
Qd5 Qe7 9. Nxc7+ Kd8 10. Nxa8 b6 11. Ba4 Bb7 12. Nxb6 axb6 13. Qb3 b5 14.
Ne2 bxa4 15. Qxa4 Ke8 16. b4 Nd4 17. Nxd4 exd4+ 18. Kf1 Bc6 19. Qa7 d3 20.
Qb8+ Kf7 21. Ba3 dxc2 22. Qc7 Bg7 23. Rc1 Bb5+ 24. d3 Bxd3+ 25. Kg1 Rc8 26.
Qa5 Qe5 27. Qa7 Bb5 28. Qb6 Bh6 29. g3 Bxc1 30. Bxc1 Bc6 31. Qe3 Qxe3 32.
fxe3 Bxh1 33. Kxh1 Rc3 34. Kg1 Rd3 35. Kf2 Rd1 36. Ba3 Nc4 37. Bc1 Rxc1 38.
Ke2 Rd1 39. e4 c1=Q 40. Kf3 Qe3+ 41. Kg2 Qe2+ 42. Kh3 Qh5+ 43. Kg2 Rd2+ 44.
Kg1 Qd1# {White checkmated} 0-1

[Event "GambitGuide"]
[Site "Internet Chess Club"]
[Date "2014.10.30"]
[Round "1"]
[White "JSBach"]
[Black "MikeSno"]
[Result "1-0"]
[ICCResult "Black resigns"]
[WhiteElo "1666"]
[BlackElo "1288"]
[Opening "Vienna: `Frankenstein-Dracula' variation"]
[ECO "C27"]
[NIC "VG.02"]
[Time "15:35:13"]
[TimeControl "120+12"]

1. e4 e5 2. Nc3 Nf6 3. Bc4 Nxe4 4. Qh5 Nd6 5. Bb3 Nc6 6. Nb5 g6 7. Qf3 f5 8.
Qd5 Qe7 9. Nxc7+ Kd8 10. Nxa8 b6 11. Ba4 Bb7 12. Nxb6 axb6 13. Qb3 Kc7 14.
Ne2 Nd4 15. Nxd4 exd4+ 16. Kf1 Ba6+ 17. d3 b5 18. Bf4 bxa4 19. Qxa4 Bb7 20.
Qxd4 Rg8 21. Qc4+ Kb8 22. Qxg8 {Black resigns} 1-0

[Event "GambitGuide"]
[Site "Internet Chess Club"]
[Date "2014.10.30"]
[Round "1"]
[White "JSBach"]
[Black "Ernie1"]
[Result "1-0"]
[ICCResult "Black resigns"]
[WhiteElo "1666"]
[BlackElo "1381"]
[Opening "Vienna: `Frankenstein-Dracula' variation"]
[ECO "C27"]
[NIC "VG.02"]
[Time "15:35:14"]
[TimeControl "120+12"]

1. e4 e5 2. Nc3 Nf6 3. Bc4 Nxe4 4. Qh5 Nd6 5. Bb3 Nc6 6. Nb5 g6 7. Qf3 f5 8.
Qd5 Qe7 9. Nxc7+ Kd8 10. Nxa8 b6 11. Ba4 Bb7 12. Nxb6 axb6 13. Qb3 Kc7 14.
Ne2 Qh4 15. O-O Nd4 16. Qc3+ Kb8 17. Nxd4 exd4 18. Qb3 Qg4 19. f3 Qg5 20.
Qxb6 Be7 21. Bxd7 Nc4 22. Qxd4 Rd8 23. d3 Nd6 24. Bxg5 {Black resigns} 1-0

[Event "GambitGuide"]
[Site "Internet Chess Club"]
[Date "2014.10.30"]
[Round "1"]
[White "JSBach"]
[Black "Tate"]
[Result "0-1"]
[ICCResult "White checkmated"]
[WhiteElo "1666"]
[BlackElo "2058"]
[Opening "Vienna: `Frankenstein-Dracula' variation"]
[ECO "C27"]
[NIC "VG.02"]
[Time "15:33:51"]
[TimeControl "120+12"]

1. e4 e5 2. Nc3 Nf6 3. Bc4 Nxe4 4. Qh5 Nd6 5. Bb3 Nc6 6. Nb5 g6 7. Qf3 f5 8.
Qd5 Qe7 9. Nxc7+ Kd8 10. Nxa8 b6 11. Ba4 Bb7 12. Nxb6 axb6 13. Qb3 Kc7 14.
Ne2 f4 15. O-O Nf5 16. Re1 Nfd4 17. Qc3 b5 18. Nxf4 Qc5 19. Nd3 Qb6 20. Bb3
d6 21. Bd5 b4 22. Nxb4 Qxb4 23. Qd3 Qc5 24. c4 Nb4 25. Qa3 Nxd5 26. Qxc5+
dxc5 27. cxd5 Nc2 28. Rxe5 Nxa1 29. b3 Nc2 30. Bb2 Bd6 31. d3 Bxe5 32. Bxe5+
Kd7 33. Bxh8 Bxd5 34. Bc3 Nb4 35. Bxb4 cxb4 36. h4 Kd6 37. d4 Be4 38. f3 Bb1
39. Kf2 Bxa2 40. h5 Bxb3 41. h6 Bc4 42. Ke3 Kd5 43. Kd2 Kxd4 44. Kc1 Kc3 45.
f4 b3 46. Kd1 b2 47. Ke1 b1=Q+ 48. Kf2 Qf5 49. Kg3 Be2 50. Kf2 Bh5 51. g3
Qe4 52. Kg1 Qe2 53. f5 Bf3 54. fxg6 Qg2# {White checkmated} 0-1

[Event "GambitGuide"]
[Site "Internet Chess Club"]
[Date "2014.10.30"]
[Round "1"]
[White "JSBach"]
[Black "MikeSno"]
[Result "1-0"]
[ICCResult "Black resigns"]
[WhiteElo "1666"]
[BlackElo "1288"]
[Opening "Vienna: `Frankenstein-Dracula' variation"]
[ECO "C27"]
[NIC "VG.02"]
[Time "15:36:57"]
[TimeControl "120+12"]

1. e4 e5 2. Nc3 Nf6 3. Bc4 Nxe4 4. Qh5 Nd6 5. Bb3 Nc6 6. Nb5 g6 7. Qf3 f5 8.
Qd5 Qe7 9. Nxc7+ Kd8 10. Nxa8 b6 11. Ba4 Ba6 12. Bxc6 dxc6 13. Qb3 Qb7 14.
Qe6 e4 15. Qf6+ {Black resigns} 1-0

[Event "GambitGuide"]
[Site "Internet Chess Club"]
[Date "2014.10.30"]
[Round "1"]
[White "JSBach"]
[Black "Ernie1"]
[Result "1-0"]
[ICCResult "Black resigns"]
[WhiteElo "1666"]
[BlackElo "1381"]
[Opening "Vienna: `Frankenstein-Dracula' variation"]
[ECO "C27"]
[NIC "VG.02"]
[Time "15:37:22"]
[TimeControl "120+12"]

1. e4 e5 2. Nc3 Nf6 3. Bc4 Nxe4 4. Qh5 Nd6 5. Bb3 Nc6 6. Nb5 g6 7. Qf3 f5 8.
Qd5 Qe7 9. Nxc7+ Kd8 10. Nxa8 b6 11. Ba4 Bb7 12. Nxb6 axb6 13. Qb3 Kc7 14.
Ne2 b5 15. Bxb5 Nxb5 16. Qxb5 Qg5 17. O-O Nd4 18. Qxe5+ Kc8 19. Ng3 Rg8 20.
Qxd4 f4 21. Qc4+ Kb8 22. Qxg8 fxg3 23. Qxf8+ Ka7 24. fxg3 Qd5 25. Qf2+ Kb8
26. a4 {Black resigns} 1-0

[Event "GambitGuide"]
[Site "Internet Chess Club"]
[Date "2014.10.30"]
[Round "1"]
[White "JSBach"]
[Black "Smallerville"]
[Result "1-0"]
[ICCResult "Black resigns"]
[WhiteElo "1666"]
[BlackElo "2016"]
[Opening "Vienna: `Frankenstein-Dracula' variation"]
[ECO "C27"]
[NIC "VG.02"]
[Time "15:37:04"]
[TimeControl "120+12"]

1. e4 e5 2. Nc3 Nf6 3. Bc4 Nxe4 4. Qh5 Nd6 5. Bb3 Nc6 6. Nb5 g6 7. Qf3 f5 8.
Qd5 Qe7 9. Nxc7+ Kd8 10. Nxa8 b6 11. Ba4 Bb7 12. Nxb6 axb6 13. Qb3 Kc7 14.
Ne2 e4 15. Nf4 Na5 16. Qc3+ Nc6 17. Nd5+ {Black resigns} 1-0

[Event "GambitGuide"]
[Site "Internet Chess Club"]
[Date "2014.10.30"]
[Round "1"]
[White "JSBach"]
[Black "Ernie1"]
[Result "1-0"]
[ICCResult "Black resigns"]
[WhiteElo "1666"]
[BlackElo "1381"]
[Opening "Vienna: `Frankenstein-Dracula' variation"]
[ECO "C27"]
[NIC "VG.02"]
[Time "15:39:04"]
[TimeControl "120+12"]

1. e4 e5 2. Nc3 Nf6 3. Bc4 Nxe4 4. Qh5 Nd6 5. Bb3 Nc6 6. Nb5 g6 7. Qf3 f5 8.
Qd5 Qe7 9. Nxc7+ Kd8 10. Nxa8 b6 11. Ba4 Nb4 12. Qb3 Ne4 13. d3 Qc5 14. dxe4
Nxc2+ 15. Qxc2 {Black resigns} 1-0

[Event "GambitGuide"]
[Site "Internet Chess Club"]
[Date "2014.10.30"]
[Round "1"]
[White "JSBach"]
[Black "Tate"]
[Result "0-1"]
[ICCResult "White checkmated"]
[WhiteElo "1666"]
[BlackElo "2058"]
[Opening "Vienna: `Frankenstein-Dracula' variation"]
[ECO "C27"]
[NIC "VG.02"]
[Time "15:37:50"]
[TimeControl "120+12"]

1. e4 e5 2. Nc3 Nf6 3. Bc4 Nxe4 4. Qh5 Nd6 5. Bb3 Nc6 6. Nb5 g6 7. Qf3 f5 8.
Qd5 Qe7 9. Nxc7+ Kd8 10. Nxa8 b6 11. Ba4 Bb7 12. Nxb6 axb6 13. Qb3 Nc8 14.
Qd3 Nb4 15. Qg3 f4 16. Qg4 h5 17. Qxg6 Rh6 18. Qf5 Bxg2 19. Bxd7 Nd6 20. Bc6
Bxc6 21. Qh3 Nxc2+ 22. Kd1 Nxa1 23. Nf3 Qh7 24. Qh4+ Be7 25. Qh3 Qc2+ 26.
Ke1 Qe4+ 27. Kf1 Qxf3 28. Qxf3 Bxf3 29. Rg1 Bd5 30. a3 Bc4+ 31. Ke1 Nc2+ 32.
Kd1 Bd3 33. a4 f3 34. Rg3 e4 35. Rg7 Nf5 36. Rf7 Nfd4 37. Rf8+ Bxf8 38. h3
Be2# {White checkmated} 0-1

[Event "GambitGuide"]
[Site "Internet Chess Club"]
[Date "2014.10.30"]
[Round "1"]
[White "JSBach"]
[Black "ARuperez"]
[Result "1-0"]
[ICCResult "Black checkmated"]
[WhiteElo "1666"]
[BlackElo "2246"]
[Opening "Vienna: `Frankenstein-Dracula' variation"]
[ECO "C27"]
[NIC "VG.02"]
[Time "15:39:35"]
[TimeControl "120+12"]

1. e4 e5 2. Nc3 Nf6 3. Bc4 Nxe4 4. Qh5 Nd6 5. Bb3 Nc6 6. Nb5 g6 7. Qf3 f5 8.
Qd5 Qe7 9. Nxc7+ Kd8 10. Nxa8 b6 11. Ba4 Nb4 12. Qb3 Bb7 13. Qxb4 Bxg2 14.
Nxb6 Bxh1 15. Nxd7 Bg7 16. Qa5+ Kc8 17. Qxa7 Bb7 18. Qb8# {Black checkmated}
1-0

[Event "GambitGuide"]
[Site "Internet Chess Club"]
[Date "2014.10.30"]
[Round "1"]
[White "JSBach"]
[Black "Quizmo"]
[Result "1-0"]
[ICCResult "Black resigns"]
[WhiteElo "1666"]
[BlackElo "1527"]
[Opening "Vienna: `Frankenstein-Dracula' variation"]
[ECO "C27"]
[NIC "VG.02"]
[Time "15:36:08"]
[TimeControl "120+12"]

1. e4 e5 2. Nc3 Nf6 3. Bc4 Nxe4 4. Qh5 Nd6 5. Bb3 Nc6 6. Nb5 g6 7. Qf3 f5 8.
Qd5 Qe7 9. Nxc7+ Kd8 10. Nxa8 b6 11. Ba4 Bb7 12. Nxb6 axb6 13. Qb3 Kc7 14.
Ne2 Qe6 15. Qxe6 dxe6 16. d3 Bg7 17. f3 Ra8 18. Bb3 Kd7 19. c3 Ke7 20. Be3
Nc8 21. O-O Na5 22. Bc2 Nc6 23. Bb3 b5 24. Rae1 Nd6 25. Bc5 Kd7 26. Ng3 Ba6
27. Rf2 Nb7 28. Bb6 b4 29. cxb4 Nxb4 30. Rd2 Ke7 31. d4 exd4 32. Bxe6 Kf8
33. a3 Nc6 34. Bd5 Rc8 35. Bxc6 Rxc6 36. Bxd4 Nd6 37. Bxg7+ Kxg7 38. Red1
Nc4 39. Re2 h5 40. a4 Kh6 41. b4 Rc7 42. Re6 Bb7 43. Nxf5+ Kg5 44. Ne7
{Black resigns}
1-0

[Event "GambitGuide"]
[Site "Internet Chess Club"]
[Date "2014.10.30"]
[Round "1"]
[White "JSBach"]
[Black "enok"]
[Result "1-0"]
[ICCResult "Black checkmated"]
[WhiteElo "1666"]
[BlackElo "1246"]
[Opening "Vienna: `Frankenstein-Dracula' variation"]
[ECO "C27"]
[NIC "VG.02"]
[Time "15:39:50"]
[TimeControl "120+12"]

1. e4 e5 2. Nc3 Nf6 3. Bc4 Nxe4 4. Qh5 Nd6 5. Bb3 Nc6 6. Nb5 g6 7. Qf3 f5 8.
Qd5 Qe7 9. Nxc7+ Kd8 10. Nxa8 b6 11. Ba4 Bg7 12. Bxc6 dxc6 13. Qb3 Be6 14.
Qa4 Qb7 15. Qb4 Bf8 16. d4 Qxa8 17. Bg5+ Kc7 18. dxe5 Ne4 19. Be7 Bxe7 20.
Qxe7+ Kb8 21. Qxe6 Qb7 22. Rd1 b5 23. Nf3 Qb6 24. Nd4 Rd8 25. Nxc6+ Kb7 26.
Nxd8+ Ka6 27. Qc8+ Ka5 28. Nc6+ Ka4 29. Rd4+ b4 30. Qa6+ Qxa6 31. Rxb4#
{Black checkmated}
1-0

[Event "GambitGuide"]
[Site "Internet Chess Club"]
[Date "2014.10.30"]
[Round "1"]
[White "JSBach"]
[Black "Ernie1"]
[Result "1-0"]
[ICCResult "Black resigns"]
[WhiteElo "1666"]
[BlackElo "1381"]
[Opening "Vienna: `Frankenstein-Dracula' variation"]
[ECO "C27"]
[NIC "VG.02"]
[Time "15:39:47"]
[TimeControl "120+12"]

1. e4 e5 2. Nc3 Nf6 3. Bc4 Nxe4 4. Qh5 Nd6 5. Bb3 Nc6 6. Nb5 g6 7. Qf3 f5 8.
Qd5 Qe7 9. Nxc7+ Kd8 10. Nxa8 b6 11. Ba4 e4 12. Bxc6 dxc6 13. Qxc6 Bb7 14.
Qc3 Bg7 15. Qc7+ Qxc7 16. Nxc7 Kxc7 17. f3 Re8 18. Kd1 exf3 19. Nxf3 Ne4 20.
Rf1 Bh6 21. d3 Bxc1 22. Rxc1 Ng5 23. Nxg5 {Black resigns} 1-0

[Event "GambitGuide"]
[Site "Internet Chess Club"]
[Date "2014.10.30"]
[Round "1"]
[White "JSBach"]
[Black "ARuperez"]
[Result "1-0"]
[ICCResult "Black resigns"]
[WhiteElo "1666"]
[BlackElo "2246"]
[Opening "Vienna: `Frankenstein-Dracula' variation"]
[ECO "C27"]
[NIC "VG.02"]
[Time "15:40:39"]
[TimeControl "120+12"]

1. e4 e5 2. Nc3 Nf6 3. Bc4 Nxe4 4. Qh5 Nd6 5. Bb3 Nc6 6. Nb5 g6 7. Qf3 f5 8.
Qd5 Qe7 9. Nxc7+ Kd8 10. Nxa8 b6 11. Ba4 Bb7 12. Nxb6 axb6 13. Qb3 Kc7 14.
Ne2 e4 15. Qc3 Bg7 16. Qe3 Nc4 17. Qb3 Nd6 18. Nc3 Nd4 19. Nd5+ Kb8 20. Nxe7
{Black resigns}
1-0

[Event "GambitGuide"]
[Site "Internet Chess Club"]
[Date "2014.10.30"]
[Round "1"]
[White "JSBach"]
[Black "Quizmo"]
[Result "1-0"]
[ICCResult "Black resigns"]
[WhiteElo "1666"]
[BlackElo "1527"]
[Opening "Vienna: `Frankenstein-Dracula' variation"]
[ECO "C27"]
[NIC "VG.02"]
[Time "15:40:50"]
[TimeControl "120+12"]

1. e4 e5 2. Nc3 Nf6 3. Bc4 Nxe4 4. Qh5 Nd6 5. Bb3 Nc6 6. Nb5 g6 7. Qf3 f5 8.
Qd5 Qe7 9. Nxc7+ Kd8 10. Nxa8 b6 11. Ba4 Bb7 12. Nxb6 axb6 13. Qb3 Kc7 14.
Ne2 Bg7 15. Nc3 Nd4 16. Nd5+ Bxd5 17. Qxd5 b5 18. Bb3 Qe6 19. Qc5+ Kd8 20.
Bxe6 {Black resigns} 1-0

[Event "GambitGuide"]
[Site "Internet Chess Club"]
[Date "2014.10.30"]
[Round "1"]
[White "JSBach"]
[Black "shibotal"]
[Result "1-0"]
[ICCResult "Black resigns"]
[WhiteElo "1666"]
[BlackElo "1803"]
[Opening "Vienna: `Frankenstein-Dracula' variation"]
[ECO "C27"]
[NIC "VG.02"]
[Time "15:41:02"]
[TimeControl "120+12"]

1. e4 e5 2. Nc3 Nf6 3. Bc4 Nxe4 4. Qh5 Nd6 5. Bb3 Nc6 6. Nb5 g6 7. Qf3 f5 8.
Qd5 Qe7 9. Nxc7+ Kd8 10. Nxa8 b6 11. Ba4 Bg7 12. Bxc6 dxc6 13. Qb3 Be6 14.
Qa4 b5 15. Qa5+ Ke8 16. Nc7+ Kf7 17. Nxe6 Qxe6 18. Qxa7+ Kf6 19. a4 Qd5 20.
Qd7 Qxg2 21. Qxd6+ Kf7 22. Qc7+ Kf6 23. axb5 Qxh1 24. Qxc6+ Kg5 25. Qxh1
{Black resigns}
1-0

[Event "GambitGuide"]
[Site "Internet Chess Club"]
[Date "2014.10.30"]
[Round "1"]
[White "JSBach"]
[Black "Tate"]
[Result "1/2-1/2"]
[ICCResult "Game drawn by repetition"]
[WhiteElo "1666"]
[BlackElo "2058"]
[Opening "Vienna: `Frankenstein-Dracula' variation"]
[ECO "C27"]
[NIC "VG.02"]
[Time "15:40:38"]
[TimeControl "120+12"]

1. e4 e5 2. Nc3 Nf6 3. Bc4 Nxe4 4. Qh5 Nd6 5. Bb3 Nc6 6. Nb5 g6 7. Qf3 f5 8.
Qd5 Qe7 9. Nxc7+ Kd8 10. Nxa8 b6 11. Ba4 Bb7 12. Nxb6 axb6 13. Qb3 Kc7 14.
Ne2 f4 15. Nc3 Nd4 16. Nd5+ Bxd5 17. Qxd5 f3 18. g3 b5 19. Bb3 Bg7 20. a4 b4
21. Qc5+ Kd8 22. Qxb4 Nc6 23. Qc3 e4 24. Qc5 Bd4 25. Qd5 Rf8 26. c3 Rf5 27.
Qg8+ Rf8 28. Qd5 Rf5 29. Qg8+ Rf8 30. Qd5 Rf5 31. Qg8+
{Game drawn by repetition}
1/2-1/2

[Event "GambitGuide"]
[Site "Internet Chess Club"]
[Date "2014.10.30"]
[Round "1"]
[White "JSBach"]
[Black "web34"]
[Result "1-0"]
[ICCResult "Black resigns"]
[WhiteElo "1666"]
[BlackElo "1163"]
[Opening "Vienna: `Frankenstein-Dracula' variation"]
[ECO "C27"]
[NIC "VG.02"]
[Time "15:42:37"]
[TimeControl "120+12"]

1. e4 e5 2. Nc3 Nf6 3. Bc4 Nxe4 4. Qh5 Nd6 5. Bb3 Nc6 6. Nb5 g6 7. Qf3 f5 8.
Qd5 Qe7 9. Nxc7+ Kd8 10. Nxa8 b6 11. Ba4 Bb7 12. Nxb6 axb6 13. Qb3 Ke8 14.
Qxb6 Nc8 15. Qxb7 N8a7 16. d3 Kf7 17. Bb3+ Kg7 18. Be3 f4 19. Bxa7 Nxa7 20.
Qxa7 Qc5 21. Qxd7+ Be7 22. Qd5 Qxd5 23. Bxd5 Rc8 24. Kd2 {Black resigns} 1-0

[Event "GambitGuide"]
[Site "Internet Chess Club"]
[Date "2014.10.30"]
[Round "1"]
[White "JSBach"]
[Black "ARuperez"]
[Result "0-1"]
[ICCResult "White checkmated"]
[WhiteElo "1666"]
[BlackElo "2246"]
[Opening "Vienna: `Frankenstein-Dracula' variation"]
[ECO "C27"]
[NIC "VG.02"]
[Time "15:41:25"]
[TimeControl "120+12"]

1. e4 e5 2. Nc3 Nf6 3. Bc4 Nxe4 4. Qh5 Nd6 5. Bb3 Nc6 6. Nb5 g6 7. Qf3 f5 8.
Qd5 Qe7 9. Nxc7+ Kd8 10. Nxa8 b6 11. Ba4 Nd4 12. f4 Bb7 13. Qxe5 Qxe5+ 14.
fxe5 Bxg2 15. Nc7 Kxc7 16. exd6+ Bxd6 17. c3 Ne6 18. d4 Bxh1 19. h3 Re8 20.
Kf2 Bc6 21. Bb3 Nf4 22. Bc4 Nd5 23. Ne2 Nf6 24. Nf4 Ne4+ 25. Kg1 b5 26. Bf7
Rf8 27. Bb3 g5 28. Nd5+ Kb7 29. Kf1 a5 30. a3 a4 31. Ba2 h5 32. Be3 g4 33.
Bh6 Rh8 34. Bg7 Rh7 35. Bf6 gxh3 36. Bh4 Rg7 37. Ne3 h2 38. Ke2 Rg1 39. d5
Rxa1 40. dxc6+ dxc6 41. Nxf5 h1=Q 42. Be6 Qf1+ 43. Ke3 Nc5 44. Nxd6+ Ka6 45.
Bc8+ Ka7 46. Bf5 Re1+ 47. Bxe1 Qxe1+ 48. Kd4 Nb7 49. Nc8+ Kb8 50. c4 Qf2+
51. Ke4 Qxf5+ 52. Kxf5 Kxc8 53. Kg5 bxc4 54. Kxh5 Kc7 55. Kg4 Kd6 56. Kf5
Kd5 57. Kf4 Kd4 58. Kf3 Kd3 59. Kg3 Kc2 60. Kf3 Kxb2 61. Kf4 c3 62. Ke4 c2
63. Kf4 c1=Q+ 64. Kg4 c5 65. Kf5 c4 66. Ke5 c3 67. Ke4 c2 68. Kd5 Qb1 69.
Kc4 c1=Q+ 70. Kb5 Ka1+ 71. Ka6 Nc5+ 72. Ka7 Qb7# {White checkmated} 0-1

[Event "GambitGuide"]
[Site "Internet Chess Club"]
[Date "2014.10.30"]
[Round "1"]
[White "JSBach"]
[Black "enok"]
[Result "1-0"]
[ICCResult "Black resigns"]
[WhiteElo "1666"]
[BlackElo "1246"]
[Opening "Vienna: `Frankenstein-Dracula' variation"]
[ECO "C27"]
[NIC "VG.02"]
[Time "15:41:28"]
[TimeControl "120+12"]

1. e4 e5 2. Nc3 Nf6 3. Bc4 Nxe4 4. Qh5 Nd6 5. Bb3 Nc6 6. Nb5 g6 7. Qf3 f5 8.
Qd5 Qe7 9. Nxc7+ Kd8 10. Nxa8 b6 11. Ba4 Bb7 12. Nxb6 axb6 13. Qb3 b5 14.
Ne2 bxa4 15. Qxa4 Ne4 16. Qb5 Kc7 17. a4 Qc5 18. Qxc5 Nxc5 19. O-O d5 20.
Re1 d4 21. a5 Ba6 22. f3 e4 23. Nf4 Bh6 24. Nd5+ Kd6 25. fxe4 Nxe4 26. Nb6
d3 27. cxd3 Nc5 28. d4 Nd3 29. Rd1 Bg7 30. g3 Bxd4+ 31. Kg2 Bxb6 32. axb6
Bb7 33. Ra3 Nd4+ 34. Kf1 Nxb2 35. Bxb2 Nc2 36. Rd3+ Ke6 37. Bxh8 {Black
resigns} 1-0

[Event "GambitGuide"]
[Site "Internet Chess Club"]
[Date "2014.10.30"]
[Round "1"]
[White "JSBach"]
[Black "Quizmo"]
[Result "1-0"]
[ICCResult "Black resigns"]
[WhiteElo "1666"]
[BlackElo "1527"]
[Opening "Vienna: `Frankenstein-Dracula' variation"]
[ECO "C27"]
[NIC "VG.02"]
[Time "15:42:09"]
[TimeControl "120+12"]

1. e4 e5 2. Nc3 Nf6 3. Bc4 Nxe4 4. Qh5 Nd6 5. Bb3 Nc6 6. Nb5 g6 7. Qf3 f5 8.
Qd5 Qe7 9. Nxc7+ Kd8 10. Nxa8 b6 11. Ba4 Bb7 12. Nxb6 axb6 13. Qb3 Kc7 14.
Ne2 Qe6 15. Qxe6 dxe6 16. d3 Nd4 17. f3 Nxe2 18. Kxe2 Bc6 19. Bxc6 Kxc6 20.
h4 Bg7 21. a4 Ra8 22. h5 g5 23. Bxg5 f4 24. h6 Bf8 25. Bf6 Nf5 26. Rhe1 Ng3+
27. Kd2 Bxh6 28. Bxe5 Nf5 29. Rh1 Rd8 30. Rae1 Rd5 31. Re4 Nd6 32. Bxd6 Kxd6
33. Rxh6 {Black resigns} 1-0

[Event "GambitGuide"]
[Site "Internet Chess Club"]
[Date "2014.10.30"]
[Round "1"]
[White "JSBach"]
[Black "Theunrock"]
[Result "1-0"]
[ICCResult "Black resigns"]
[WhiteElo "1666"]
[BlackElo "1994"]
[Opening "Vienna: `Frankenstein-Dracula' variation"]
[ECO "C27"]
[NIC "VG.02"]
[Time "15:39:47"]
[TimeControl "120+12"]

1. e4 e5 2. Nc3 Nf6 3. Bc4 Nxe4 4. Qh5 Nd6 5. Bb3 Nc6 6. Nb5 g6 7. Qf3 f5 8.
Qd5 Qe7 9. Nxc7+ Kd8 10. Nxa8 b6 11. Ba4 Bb7 12. Nxb6 axb6 13. Qb3 Kc7 14.
Ne2 Na5 15. Qh3 Bg7 16. O-O b5 17. Bb3 Nac4 18. a4 b4 19. Re1 Qf6 20. c3 Na5
21. cxb4 Nxb3 22. Qxb3 h5 23. Qe3 f4 24. Qc5+ Kb8 25. d4 Nf7 26. dxe5 Qf5
27. Bxf4 g5 28. e6+ gxf4 29. Qxf5 {Black resigns} 1-0

[Event "GambitGuide"]
[Site "Internet Chess Club"]
[Date "2014.10.30"]
[Round "1"]
[White "JSBach"]
[Black "kidcobra"]
[Result "1-0"]
[ICCResult "Black resigns"]
[WhiteElo "1666"]
[BlackElo "1794"]
[Opening "Vienna: `Frankenstein-Dracula' variation"]
[ECO "C27"]
[NIC "VG.02"]
[Time "15:44:11"]
[TimeControl "120+12"]

1. e4 e5 2. Nc3 Nf6 3. Bc4 Nxe4 4. Qh5 Nd6 5. Bb3 Nc6 6. Nb5 g6 7. Qf3 f5 8.
Qd5 Qe7 9. Nxc7+ Kd8 10. Nxa8 b6 11. Ba4 Bb7 12. Nxb6 axb6 13. Qb3 Nc8 14.
Ne2 Qc5 15. Qf7 Be7 16. Qg7 Rf8 17. Qxh7 Ba6 18. Nc3 Qc4 19. Qxg6 Bb4 20.
Bb3 Qd4 21. Bf7 Bxc3 22. dxc3 Qc4 23. Bxc4 Bxc4 24. Qh6 Re8 25. Qh4+ Kc7 26.
Qxc4 Nd6 27. Qb3 e4 28. h4 Rf8 29. Bf4 Ne7 30. O-O-O Ng6 31. Bxd6+
{Black resigns}
1-0

[Event "GambitGuide"]
[Site "Internet Chess Club"]
[Date "2014.10.30"]
[Round "1"]
[White "JSBach"]
[Black "Quizmo"]
[Result "1-0"]
[ICCResult "Black resigns"]
[WhiteElo "1666"]
[BlackElo "1527"]
[Opening "Vienna: `Frankenstein-Dracula' variation"]
[ECO "C27"]
[NIC "VG.02"]
[Time "15:44:09"]
[TimeControl "120+12"]

1. e4 e5 2. Nc3 Nf6 3. Bc4 Nxe4 4. Qh5 Nd6 5. Bb3 Nc6 6. Nb5 g6 7. Qf3 f5 8.
Qd5 Qe7 9. Nxc7+ Kd8 10. Nxa8 b6 11. Ba4 Bb7 12. Nxb6 axb6 13. Qb3 Bh6 14.
d3 Bxc1 15. Qxb6+ Ke8 16. Rxc1 Kf7 17. Nf3 Rb8 18. Bxc6 dxc6 19. Qe3 Nb5 20.
c4 Nd4 21. Nxe5+ Kg7 22. Qxd4 Kg8 23. Qc3 c5 24. O-O {Black resigns} 1-0

[Event "GambitGuide"]
[Site "Internet Chess Club"]
[Date "2014.10.30"]
[Round "1"]
[White "JSBach"]
[Black "shibotal"]
[Result "1-0"]
[ICCResult "Black checkmated"]
[WhiteElo "1666"]
[BlackElo "1803"]
[Opening "Vienna: `Frankenstein-Dracula' variation"]
[ECO "C27"]
[NIC "VG.02"]
[Time "15:42:18"]
[TimeControl "120+12"]

1. e4 e5 2. Nc3 Nf6 3. Bc4 Nxe4 4. Qh5 Nd6 5. Bb3 Nc6 6. Nb5 g6 7. Qf3 f5 8.
Qd5 Qe7 9. Nxc7+ Kd8 10. Nxa8 b6 11. Ba4 Bb7 12. Nxb6 axb6 13. Qb3 Bg7 14.
Qxb6+ Ke8 15. Ne2 Kf7 16. Bb3+ Kf6 17. Bd5 Rb8 18. c4 Nd8 19. c5 Bxd5 20.
Qxb8 Ne4 21. b4 Nc6 22. Qb5 Kf7 23. d3 Nf6 24. O-O Qe6 25. a4 f4 26. Re1 Qg4
27. f3 Bxf3 28. Ng3 fxg3 29. gxf3 Qxf3 30. hxg3 Qxg3+ 31. Kf1 Ng4 32. Qc4+
Kf8 33. Ra2 Nd4 34. Qd5 Qh3+ 35. Qg2 Qxd3+ 36. Kg1 Nf3+ 37. Kh1 Nxe1 38.
Qxg4 Qf1+ 39. Kh2 Nf3+ 40. Kg3 Qxc1 41. Qxf3+ Ke7 42. Qe4 Qc3+ 43. Kf2 Bf6
44. Rc2 Qh3 45. b5 Qh2+ 46. Ke3 Bg5+ 47. Kd3 Qg3+ 48. Kc4 Qa3 49. Qxe5+ Kf7
50. Rf2+ Bf6 51. Qxf6+ Ke8 52. Qf8# {Black checkmated} 1-0

[Event "GambitGuide"]
[Site "Internet Chess Club"]
[Date "2014.10.30"]
[Round "1"]
[White "JSBach"]
[Black "MikeSno"]
[Result "1-0"]
[ICCResult "Black resigns"]
[WhiteElo "1666"]
[BlackElo "1288"]
[Opening "Vienna: `Frankenstein-Dracula' variation"]
[ECO "C27"]
[NIC "VG.02"]
[Time "15:42:12"]
[TimeControl "120+12"]

1. e4 e5 2. Nc3 Nf6 3. Bc4 Nxe4 4. Qh5 Nd6 5. Bb3 Nc6 6. Nb5 g6 7. Qf3 f5 8.
Qd5 Qe7 9. Nxc7+ Kd8 10. Nxa8 b6 11. Ba4 Bb7 12. Nxb6 axb6 13. Qb3 Kc7 14.
Ne2 Na5 15. Qg3 f4 16. Qg4 Rg8 17. d4 h5 18. Qh3 exd4 19. Bxf4 Ba6 20. Qf3
g5 21. Bxd6+ Qxd6 22. O-O-O Bg7 23. Qf7 Bxe2 24. Qxg8 Bxd1 25. Qxg7 Bxc2 26.
Bxc2 d3 27. Qc3+ Kb7 28. Qxd3 {Black resigns} 1-0

[Event "GambitGuide"]
[Site "Internet Chess Club"]
[Date "2014.10.30"]
[Round "1"]
[White "JSBach"]
[Black "ARuperez"]
[Result "0-1"]
[ICCResult "White checkmated"]
[WhiteElo "1666"]
[BlackElo "2246"]
[Opening "Vienna: `Frankenstein-Dracula' variation"]
[ECO "C27"]
[NIC "VG.02"]
[Time "15:44:12"]
[TimeControl "120+12"]

1. e4 e5 2. Nc3 Nf6 3. Bc4 Nxe4 4. Qh5 Nd6 5. Bb3 Nc6 6. Nb5 g6 7. Qf3 f5 8.
Qd5 Qe7 9. Nxc7+ Kd8 10. Nxa8 b6 11. Ba4 Nd4 12. f4 Bb7 13. Qxe5 Qxe5+ 14.
fxe5 Bxg2 15. exd6 Bxa8 16. c3 Ne6 17. Nf3 Bxf3 18. O-O Bb7 19. Re1 Bxd6 20.
Bb5 f4 21. Bc4 Ng5 22. Kf2 Nh3+ 23. Kf1 f3 24. d4 Bxh2 25. Be3 Bd6 26. d5 g5
27. a4 g4 28. Bd4 Rg8 29. Bf6+ Kc7 30. Re3 g3 31. Rxf3 g2+ 32. Ke2 g1=Q 33.
Rxg1 Nxg1+ 34. Ke3 Nxf3 35. Bd3 Ne5 36. Bxe5 Bxe5 37. Bxh7 Rh8 38. Bg6 d6
39. Bf7 Rh2 40. Be6 Rxb2 41. Bf7 Rc2 42. Ke4 Rxc3 43. Be8 Bxd5+ 44. Kxd5
Rc5+ 45. Ke4 Rc4+ 46. Kd5 Rxa4 47. Bxa4 a6 48. Bc2 b5 49. Bd3 Kb6 50. Bf5 a5
51. Be4 a4 52. Bb1 Ka5 53. Be4 b4 54. Kc4 a3 55. Kb3 Kb5 56. Bd5 Kc5 57. Be6
Bc3 58. Bf5 Kd4 59. Be6 d5 60. Bf5 Ke3 61. Ka2 d4 62. Be6 d3 63. Bg4 d2 64.
Bd1 Kf2 65. Kb1 Ke1 66. Bc2 d1=Q+ 67. Bxd1 Kxd1 68. Ka2 Bb2 69. Kb3 Kd2 70.
Ka2 Kc1 71. Kb3 Kb1 72. Kxb4 a2 73. Kc5 a1=Q 74. Kd6 Qa3+ 75. Kc6 Qa5 76.
Kd6 Qb5 77. Ke6 Qc5 78. Kd7 Qb6 79. Ke7 Ba1 80. Kd7 Kb2 81. Ke7 Qc6 82. Kf7
Qd6 83. Ke8 Qc7 84. Kf8 Qd7 85. Kg8 Kb3 86. Kf8 Kc4 87. Kg8 Kd5 88. Kf8 Ke6
89. Kg8 Qf7# {White checkmated} 0-1